 Dungeon Crawl Stone Soup version 0.30-a0-622-gddc90eaa04 (webtiles) character file.

Game seed: 7511742029645770606

49 ryw the Grave Robber (level 4, -1/30 HPs)
             Began as a Human Necromancer on Jan 10, 2023.
             Slain by a gnoll
             ... wielding a +0 club
              (4 damage)
             ... on level 1 of the Dungeon.
             The game lasted 00:03:51 (2196 turns).

ryw the Grave Robber (Human Necromancer)            Turns: 2196, Time: 00:03:52

Health: -1/30      AC:  2    Str:  9    XL:     4   Next: 2%
Magic:  8/8        EV: 12    Int: 17    God:
Gold:   209        SH:  0    Dex: 13    Spells: 4/8 levels left

rFire   . . .      SeeInvis .    h - +1 spear (elec)
rCold   . . .      Faith    .    (no shield)
rNeg    . . .      Spirit   .    a - +0 robe
rPois   .          Reflect  .    (no helmet)
rElec   .          Harm     .    (no cloak)
rCorr   .          Rampage  .    (no gloves)
Will    .....                    (no boots)
Stlth   ++                       (no amulet)
HPRegen 0.25/turn                (no ring)
MPRegen 0.11/turn                (no ring)

@: no status effects
A: no striking features
a: no special abilities


You were on level 1 of the Dungeon.
You visited 1 branch of the dungeon, and saw 2 of its levels.

You collected 209 gold pieces.

Inventory:

Hand Weapons
 h - a +1 spear of electrocution (weapon)
Armour
 a - a +0 robe (worn)
 c - a +0 ring mail
 e - a +0 leather armour
Wands
 f - a wand of roots (6)
Scrolls
 d - a scroll of vulnerability {unknown}
 i - a scroll of blinking {unknown}
Potions
 b - a potion of magic
 g - a potion of brilliance


   Skills:
 + Level 0.1 Fighting
 + Level 2.1 Dodging
 - Level 2.0 Stealth
 + Level 2.9 Spellcasting
 + Level 4.6 Necromancy


You had 4 spell levels left.
You knew the following spells:

 Your Spells              Type           Power      Damage    Failure   Level
a - Necrotise             Necr           72%        1d7       2%          1
b - Vampiric Draining     Necr           18%        2d7       8%          3

Your spell library contained the following spells:

 Spells                   Type           Power      Damage    Failure   Level
 Animate Dead             Necr           18%        N/A       26%         4
 Agony                    Necr           18%        N/A       58%         5


Dungeon Overview and Level Annotations

Branches:
Dungeon (2/15)

Altars:


Message History

You now have 209 gold pieces (gained 12). 3 gnolls come into view.
The gnoll shouts! x2
The gnoll barely misses you. The gnoll attacks as you move away!
The gnoll closely misses you. The gnoll attacks as you move away!
The gnoll hits you with a +0 club. The gnoll attacks as you move away!
The gnoll closely misses you. The gnoll attacks as you move away!
The gnoll misses you. The gnoll attacks as you move away!
The gnoll barely misses you. The gnoll attacks as you move away!
The gnoll misses you. The gnoll attacks as you move away!
The gnoll barely misses you. The gnoll attacks as you move away!
The gnoll barely misses you. The gnoll attacks as you move away!
The gnoll hits you with a +0 club. The gnoll attacks as you move away!
The gnoll hits you with a +0 club! The gnoll attacks as you move away!
The gnoll hits you with a +0 club. The gnoll attacks as you move away!
The gnoll hits you with a +0 club. The gnoll attacks as you move away!
The gnoll hits you with a +0 club. The gnoll attacks as you move away!
The gnoll closely misses you. The gnoll attacks as you move away!
The gnoll closely misses you. The gnoll attacks as you move away!
The gnoll hits you but does no damage. The gnoll attacks as you move away!
The gnoll hits you with a +0 club. The gnoll attacks as you move away!
The gnoll misses you. The gnoll attacks as you move away!
The gnoll completely misses you. The gnoll attacks as you move away!
The gnoll hits you with a +0 club! The gnoll attacks as you move away!
The gnoll hits you with a +0 club.
* * * LOW HITPOINT WARNING * * *
There is a stone staircase leading up here.
The gnoll hits you with a +0 club.
* * * LOW HITPOINT WARNING * * *
You climb upwards.
There is a stone staircase leading down here.
Okay, then.
Unknown command.
Aiming: Fastroot
Press: ? - help, Shift-Dir - straight line, f - gnoll
Aim: a gnoll, wielding a +0 club The roots erupt in riotous growth!
Roots grab the gnoll.
The grasping roots constrict the gnoll.
The gnoll hits you with a +0 club.
You die...

.....#.#.####..##......#
#....
##.#................##.#
#####
#.#...#.##.#..###..##.#
#.#.###............##.##
#.#####....###.##.###..##
# ##..........# #.##.#
##..# ######
...#####...## #....#
##.###P~.#≈
##.#####...#####..##
##.##.~##.~
#.............g@.#
#..##P.P~..
#################.#
##....P....~ ........#
#.## #.....~....P
#######.#
#..###........... #.#
##.##.......P.P~. #.#
#..#............ #.#
##....##.......~ #.#
#...###..~...~~ #.# ##.##
##~......


You could see a gnoll (rooted).

Vanquished Creatures
  An adder (D:2)
  A ball python (D:1)
  2 bats
  6 endoplasms
  4 giant cockroaches
  2 goblins
  4 hobgoblins
  2 quokkas
  4 frilled lizards
  3 kobolds
  6 rats
35 creatures vanquished.

Vanquished Creatures (others)
  5 plants (D:1)
5 creatures vanquished.

Grand Total: 40 creatures vanquished

Notes
Turn   | Place    | Note
-------+----------+-------------------------------------------
     0 | D:1      | ryw the Human Necromancer began the quest for the Orb.
     0 | D:1      | Reached XP level 1. HP: 13/13 MP: 3/3
   197 | D:1      | Reached XP level 2. HP: 10/19 MP: 1/5
   671 | D:1      | Noticed an eye of devastation
   679 | D:1      | Found a faded altar of an unknown god.
   681 | D:1      | Noticed an eye of devastation
   694 | D:1      | Noticed a shining eye
   694 | D:1      | Noticed a great orb of eyes
   791 | D:1      | Reached XP level 3. HP: 20/24 MP: 3/6
  1463 | D:2      | Learned a level 3 spell: Vampiric Draining
  2021 | D:2      | Reached XP level 4. HP: 30/30 MP: 4/8
  2196 | D:1      | Slain by a gnoll

Illustrated notes

Levels and vault maps discovered:
D:1:      lemuel_arrival_muddy, layout_basic,
          hellmonk_ecumenical_altar_watching_god, minmay_quantized
D:2:      layout_loops_ring

Action                   |  1- 3 |  4- 6 || total
-------------------------+-------+-------++-------
Melee: Club              |     4 |       ||     4
 Cast: Necrotise         |    60 |     1 ||    61
Evoke: Wand              |       |     1 ||     1
  Use: Scroll            |     5 |       ||     5
Armor: Robe              |     4 |     1 ||     5
Dodge: Dodged            |    13 |    12 ||    25

Table legend: (Time is in decaauts)
 A = Elapsed time spent in this place.
 B = Non-inter-level travel time spent in this place.
 C = Inter-level travel time spent in this place.
 D = Time resting spent in this place.
 E = Time spent auto-exploring this place.
 F = Levels seen in this place.
 G = Mean time per level.
                   A        B        C        D        E       F      G
               +--------+--------+--------+--------+--------+-----+--------+
         Total |   2198 |   2119 |     79 |      7 |   1775 |   2 | 1099.0 |
       Dungeon |   2198 |   2119 |     79 |      7 |   1775 |   2 | 1099.0 |
               +--------+--------+--------+--------+--------+-----+--------+

Top non-repeatable levels by time:
     D:1: 1421 daAuts
     D:2: 776 daAuts
